 Dungeon Crawl Stone Soup version 0.21.1-1-g345015fe64 (webtiles) character file.

10439 Kohma the Protected (level 11, -3/99 HPs)
             Began as a Minotaur Berserker on June 19, 2018.
             Was a High Priest of Trog.
             Slain by a cyan ugly thing (6 damage)
             ... on level 11 of the Dungeon.
             The game lasted 00:28:43 (10513 turns).

Kohma the Protected (Minotaur Berserker)           Turns: 10513, Time: 00:28:44

Health: -3/99      AC: 22    Str: 22    XL:     11   Next: 36%
Magic:  10/10      EV: 11    Int:  4    God:    Trog [*****.]
Gold:   432        SH:  0    Dex: 13    Spells: 10/10 levels left

rFire    . . .     SeeInvis .   z - +5 morningstar
rCold    . . .     Gourm    .   (no shield)
rNeg     . . .     Faith    .   w - +0 plate armour
rPois    +         Spirit   .   t - +1 hat
rElec    .         Reflect  .   D - +0 cloak
rCorr    .         Harm     .   b - +0 pair of gloves
MR       .....                  (no boots)
Stlth    ..........             (no amulet)
HPRegen  0.26/turn              k - +3 ring of protection
MPRegen  0.12/turn              i - ring of poison resistance

@: berserk cooldown, slowed, very slow
A: retaliatory headbutt, horns 2
a: Berserk, Trog's Hand, Brothers in Arms, Burn Spellbooks, Renounce Religion


You were on level 11 of the Dungeon.
You worshipped Trog.
Trog was extremely pleased with you.
You were hungry.

You visited 2 branches of the dungeon, and saw 12 of its levels.

You collected 432 gold pieces.

Inventory:

Hand Weapons
 o - a +2 hunting sling of velocity
 r - a +1 hunting sling of flaming
 y - a +1 hand axe of venom
 z - a +5 morningstar (weapon)
Missiles
 q - 49 bolts
Armour
 b - a +0 pair of gloves (worn)
 t - a +1 hat (worn)
 w - a +0 plate armour (worn)
 D - a +0 cloak (worn)
Jewellery
 a - an uncursed ring of protection from fire
 h - an uncursed ring of see invisible
 i - a ring of poison resistance (right hand)
 k - a +3 ring of protection (left hand)
 A - an uncursed ring of stealth
Wands
 g - a wand of enslavement (22)
 x - a wand of flame (59)
 B - a wand of disintegration (20)
Scrolls
 j - 2 scrolls of immolation
 n - 2 scrolls of fear
 p - 6 scrolls of teleportation
 G - 2 scrolls of remove curse
 I - 2 scrolls of identify
Potions
 d - a potion of cancellation
 e - 2 potions of might
 f - 3 potions of flight
 m - 2 potions of agility
 s - 3 potions of mutation
 u - 4 potions of curing
 v - a potion of magic
 E - a potion of berserk rage
 F - a potion of lignification {unknown}
 H - a potion of brilliance {unknown}
Comestibles
 c - 23 rations


   Skills:
 + Level 9.7 Fighting
 - Level 8.7(10.6) Axes
 * Level 9.9(11.2) Maces & Flails
 * Level 12.2 Armour
 + Level 8.3 Dodging


You had 10 spell levels left.
You didn't know any spells.

Dungeon Overview and Level Annotations

Branches:
Dungeon (11/15)            Temple (1/1) D:5
   Lair: D:8-11         Orc: D:9-12

Altars:
Ashenzari
Cheibriados
Dithmenos
Elyvilon
Fedhas
Gozag
Hepliaklqana
Kikubaaqudgha
Makhleb
Nemelex Xobeh
Okawaru
Qazlal
Ru
Sif Muna
Trog
Uskayaw
Vehumet
Wu Jian
Xom
Yredelemnul
Zin
The Shining One

Portals:
Trove: D:11 (show abyssal rune of Zot)


Innate Abilities, Weirdness & Mutations

You reflexively headbutt those who attack you in melee.
You have a pair of horns on your head.


Message History

The seven-headed hydra misses you. You furiously retaliate!
You headbutt the seven-headed hydra!
The seven-headed hydra completely misses you.
The seven-headed hydra bites you but does no damage. x5
A bullfrog comes into view.
You impale the seven-headed hydra!!
The seven-headed hydra is heavily wounded.
The cyan ugly thing bites you but does no damage.
The seven-headed hydra bites you!
* * * LOW HITPOINT WARNING * * *
The seven-headed hydra closely misses you.
The seven-headed hydra bites you!
* * * LOW HITPOINT WARNING * * *
The seven-headed hydra closely misses you.
The seven-headed hydra bites you but does no damage.
The seven-headed hydra barely misses you.
The seven-headed hydra bites you.
* * * LOW HITPOINT WARNING * * *
The cyan ugly thing bites you.
You die...

#... .. #.......
#....... #....#..
#......###########
.......#...oosou@#
#...#.o#.#.#o#z#D##
#...#..o.o..FH)5y∩#
#......#.#.#.#o#.##
#......#.........#
#......###########
#.........#<..
###.......#.##
.............+


You could see a seven-headed hydra, a cyan ugly thing, a hippogriff, an orc
warrior, a vampire mosquito, a bullfrog, a scorpion, a wight, an orc wizard, a
quasit and 3 orcs.

Vanquished Creatures
  4 two-headed ogres
  An unseen horror (D:10)
  A deep elf mage (D:11)
  2 trolls
  2 wyverns
  4 yaks
  3 hogs (D:7)
  A human (D:7)
  2 vampire mosquitoes (D:11)
  A hungry ghost (D:9)
  2 phantoms
  3 orc warriors
  2 sky beasts
  3 ice beasts
  4 centaurs
  8 ogres
  A big kobold (D:9)
  2 crocodiles
  6 bullfrogs
  4 scorpions
  9 howler monkeys
  8 wights
  4 crimson imps
  A bullfrog zombie (D:9)
  A centaur zombie (D:7)
  A gnoll shaman (D:8)
  4 hounds
  7 orc priests
  A centaur skeleton (D:8)
  4 orc wizards
  2 bullfrog skeletons
  3 iguanas
  6 worker ants
  A killer bee zombie (D:9)
  A hound skeleton (D:10)
  5 gnolls (D:8)
  15 adders
  A shadow imp (D:9)
  2 adder zombies
  A dart slug (D:2)
  4 leopard geckos
  41 orcs
  A ball python (D:2)
  3 bats
  2 giant cockroaches
  9 goblins
  8 hobgoblins
  17 jackals
  5 frilled lizards
  9 kobolds
  A leopard gecko zombie (D:7)
  8 rats
241 creatures vanquished.

Notes
Turn   | Place    | Note
-------+----------+-------------------------------------------
     0 | D:1      | Kohma the Minotaur Berserker began the quest for the Orb.
     0 | D:1      | Reached XP level 1. HP: 19/19 MP: 0/0
   521 | D:1      | Reached XP level 2. HP: 27/27 MP: 1/1
   810 | D:2      | Noticed a scorpion
   834 | D:1      | Reached XP level 3. HP: 9/33 MP: 2/2
   836 | D:1      | Killed a scorpion
   836 | D:1      | Reached skill level 3 in Armour
   836 | D:1      | Reached XP level 4. HP: 12/40 MP: 3/3
  1214 | D:2      | Reached skill level 5 in Axes
  1375 | D:2      | Reached ** piety under Trog
  1932 | D:3      | Reached XP level 5. HP: 47/47 MP: 4/4
  2344 | D:3      | You fall through a shaft!
  2416 | D:4      | Reached XP level 6. HP: 52/55 MP: 5/5
  2497 | D:4      | Reached skill level 4 in Armour
  2535 | D:4      | Reached *** piety under Trog
  2535 | D:4      | Reached skill level 5 in Fighting
  2970 | D:4      | Reached XP level 7. HP: 11/61 MP: 6/6
  2974 | D:4      | Reached skill level 5 in Armour
  3345 | D:5      | Entered Level 5 of the Dungeon
  3446 | D:5      | Found a staircase to the Ecumenical Temple.
  3610 | Temple   | Entered the Ecumenical Temple
  4063 | D:5      | Reached skill level 6 in Armour
  4495 | D:5      | Reached XP level 8. HP: 70/70 MP: 7/7
  4938 | D:6      | Reached skill level 5 in Dodging
  5239 | D:7      | Found a shadowy altar of Dithmenos.
  5277 | D:7      | Reached skill level 7 in Armour
  5786 | D:7      | Reached skill level 1 in Maces & Flails
  6236 | D:7      | Reached **** piety under Trog
  6305 | D:7      | Reached skill level 8 in Armour
  6353 | D:7      | Reached XP level 9. HP: 54/78 MP: 8/8
  7020 | D:8      | Reached skill level 9 in Armour
  7055 | D:8      | Noticed a two-headed ogre
  7062 | D:8      | Killed a two-headed ogre
  7062 | D:8      | Reached skill level 5 in Maces & Flails
  7312 | D:8      | Noticed a two-headed ogre
  7775 | D:8      | Reached XP level 10. HP: 70/88 MP: 9/9
  8141 | D:8      | Killed a two-headed ogre
  8141 | D:8      | Reached skill level 10 in Armour
  8957 | D:9      | Found a glowing golden altar of the Shining One.
  9085 | D:9      | Reached skill level 11 in Armour
  9118 | D:9      | Reached ***** piety under Trog
  9124 | D:9      | Found an opulent altar of Gozag.
  9353 | D:10     | Entered Level 10 of the Dungeon
  9953 | D:10     | Killed an unseen horror
  9953 | D:10     | Reached XP level 11. HP: 89/97 MP: 10/10
 10087 | D:10     | Noticed a two-headed ogre
 10099 | D:10     | Killed a two-headed ogre
 10197 | D:10     | Noticed a two-headed ogre
 10203 | D:10     | Killed a two-headed ogre
 10245 | D:10     | Reached skill level 12 in Armour
 10468 | D:11     | Found a portal to a secret trove of treasure.
 10485 | D:11     | Noticed a deep elf mage
 10490 | D:11     | Noticed a cyan ugly thing
 10491 | D:11     | Noticed a seven-headed hydra
 10502 | D:11     | Killed a deep elf mage
 10513 | D:11     | HP: 3/99 [seven-headed hydra (2)]
 10513 | D:11     | Slain by a cyan ugly thing

Skill      XL: |  1  2  3  4  5  6  7  8  9 10 11 |
---------------+----------------------------------+-----
Axes           | 4 5 6 7 8 |  8.7
Fighting       | 4 5 6 8 9 |  9.7
Armour         | 3 4 6 8 9 11 12 | 12.2
Dodging        | 3 4 5 6 7 8 |  8.3
Maces & Flails | 2 6 9 |  9.9

Action                   |  1- 3 |  4- 6 |  7- 9 | 10-12 || total
-------------------------+-------+-------+-------+-------++-------
Melee: Hand axe          |    42 |   168 |   102 |       ||   312
       Headbutt          |     4 |    31 |    44 |    62 ||   141
       Morningstar       |       |       |   115 |   277 ||   392
Invok: Berserk           |     1 |       |       |     3 ||     4
       Burn Spellbooks   |       |     1 |     2 |     1 ||     4
       Trog's Hand       |       |       |       |     2 ||     2
Evoke: Wand              |       |       |     2 |       ||     2
  Use: Scroll            |       |       |    20 |     8 ||    28
  Eat: Chunk             |       |     8 |     7 |    10 ||    25
       Ration            |       |       |     2 |     1 ||     3
Armor: Ring mail         |    22 |    32 |       |       ||    54
       Plate armour      |       |    27 |   160 |   256 ||   443
Dodge: Dodged            |    45 |   110 |   122 |   180 ||   457
